 Dungeon Crawl Stone Soup version 0.26-a0-597-gb535b0901c (webtiles) character file.

Game seed: 18296164786909146729

63 Alarkh the Insei (level 3, 0/30 HPs)
             Began as a Demonspawn Monk on Sept 3, 2020.
             Succumbed to an adder's poison
             ... on level 2 of the Dungeon.
             The game lasted 00:01:21 (1309 turns).

Alarkh the Insei (Demonspawn Monk)                  Turns: 1309, Time: 00:01:22

Health: 0/30       AC:  3    Str: 11    XL:     3   Next: 89%
Magic:  3/3        EV: 13    Int: 12    God:
Gold:   71         SH:  0    Dex: 15    Spells: 2/2 levels left

rFire    . . .     SeeInvis .     - Unarmed
rCold    . . .     Faith    .   (no shield)
rNeg     . . .     Spirit   .   a - +0 robe
rPois    .         Reflect  .   (no helmet)
rElec    .         Harm     .   (no cloak)
rCorr    .                      (no gloves)
MR       .....                  b - +0 pair of boots
Stlth    ++........             (no amulet)
HPRegen  0.10/turn              (no ring)
MPRegen  0.08/turn              (no ring)

@: mighty, lethally poisoned (0 -> -5)
A: powered by pain 1
a: no special abilities


You were on level 2 of the Dungeon.
You visited 1 branch of the dungeon, and saw 2 of its levels.

You collected 71 gold pieces.

Inventory:

Armour
 a - a +0 robe (worn)
 b - a +0 pair of boots (worn)
Scrolls
 c - a scroll of noise
 d - a scroll of teleportation {unknown}
 f - a scroll of amnesia {unknown}
 r - 2 scrolls of identify


   Skills:
 + Level 3.6 Fighting
 - Level 2.6 Dodging
 - Level 1.7 Stealth
 * Level 3.9 Unarmed Combat


You had 2 spell levels left.
You didn't know any spells.
Your spell library was empty.

Dungeon Overview and Level Annotations

Branches:
Dungeon (2/15)

Altars:


Innate Abilities, Weirdness & Mutations

You sometimes gain a little power by taking damage.


Message History

You are too injured to fight recklessly!
You are too injured to fight recklessly!
You are too injured to fight recklessly!
You are too injured to fight recklessly!
You are too injured to fight recklessly!
You are too injured to fight recklessly!
Unknown command.
The gnoll hits you from afar with a +0 halberd!
* * * LOW HITPOINT WARNING * * *
You focus on the pain.
You feel very mighty all of a sudden. The gnoll closely misses you.
The adder bites you.
* * * LOW HITPOINT WARNING * * *
You are lethally poisoned!
The adder poisons you!
* * * LOW HITPOINT WARNING * * *
You feel sick. The adder barely misses you.
You aren't carrying any potions.
You die...

.........#.#
.........#.#
.........#.#
###
.........#.#
#..
.......gg#.#
#####.#
........ggl##
.......
.........gS.#
#####.#
=.......###.#
#.#..
........# #@#
#. #....
........# #.#
#.#+####.#.#..
..####### #.#
#......#.#.#..
. #.#
#......#.#.#..
#.#
#......#>#.#..
#.#
#......#.#.#)#
#.#
#......#.#.#..
#.#
#......#.#.#..
.#### #.#
#.#.#.<..#....


You could see a gnoll, an adder, a leopard gecko and a hobgoblin.

Vanquished Creatures
  8 oozes (D:1)
  2 leopard geckos
  5 goblins
  3 hobgoblins (D:1)
  A kobold (D:1)
  A ball python (D:1)
  4 bats (D:1)
  A frilled lizard (D:1)
  7 rats (D:1)
32 creatures vanquished.

Notes
Turn   | Place    | Note
-------+----------+-------------------------------------------
     0 | D:1      | Alarkh the Demonspawn Monk began the quest for the Orb.
     0 | D:1      | Reached XP level 1. HP: 18/18 MP: 1/1
     1 | D:1      | Found a runed translucent door.
   174 | D:1      | Gained mutation: You sometimes gain a little power by
                  | taking damage. [demonic ancestry]
   174 | D:1      | Reached XP level 2. HP: 20/24 MP: 2/2
   887 | D:1      | Reached XP level 3. HP: 17/29 MP: 3/3
  1286 | D:2      | Found a faded altar of an unknown god.
  1308 | D:2      | HP: 1/30 [poisoned by an adder]
  1309 | D:2      | Succumbed to an adder's poison

Illustrated notes

Levels and vault maps discovered:
D:1:      dpeg_arrival_caged_fury, layout_loops_corners, serial_park_tiny_2
D:2:      layout_basic, chequers_ecumenical_altar_simple_redux, dk_vineyard_2,
          grunt_dithmenos_smoke, uniq_terence, uniq_jessica, uniq_sigmund

Skill      XL: |  1 |
---------------+----+-----
Unarmed Combat | 3 |  3.9
Fighting       | |  3.6
Dodging        | |  2.6
Stealth        | |  1.7

Action                   || total
-------------------------++-------
Melee: Unarmed           ||   106
  Use: Potion            ||     2
       Scroll            ||     1
 Stab: Sleeping          ||     2
Armor: Robe              ||    12
Dodge: Dodged            ||    74

Table legend: (Time is in decaauts)
 A = Elapsed time spent in this place.
 B = Non-inter-level travel time spent in this place.
 C = Inter-level travel time spent in this place.
 D = Time resting spent in this place.
 E = Time spent auto-exploring this place.
 F = Levels seen in this place.
 G = Mean time per level.
                   A        B        C        D        E       F      G
               +--------+--------+--------+--------+--------+-----+--------+
         Total |   1302 |   1298 |      4 |    356 |    709 |   2 |  651.0 |
       Dungeon |   1302 |   1298 |      4 |    356 |    709 |   2 |  651.0 |
               +--------+--------+--------+--------+--------+-----+--------+

Top non-repeatable levels by time:
     D:1: 1221 daAuts
     D:2: 80 daAuts
